 Dungeon Crawl Stone Soup version 0.28.0 (webtiles) character file.

Game seed: 2948974039819160211

98 Ayyar the Slasher (level 4, -2/41 HPs)
             Began as a Minotaur Berserker on Apr 21, 2022.
             Was a Believer of Trog.
             Slain by a gnoll shaman (7 damage)
             ... on level 3 of the Dungeon.
             The game lasted 00:07:04 (2774 turns).

Ayyar the Slasher (Minotaur Berserker)              Turns: 2774, Time: 00:07:05

Health: -2/41      AC:  7    Str: 27    XL:     4   Next: 43%
Magic:  3/3        EV: 11    Int:  4    God:    Trog [**....]
Gold:   62         SH:  0    Dex: 10    Spells: 3/3 levels left

rFire   + + .      SeeInvis +   a - +0 falchion
rCold   . . .      Faith    .   (no shield)
rNeg    . . .      Spirit   .   q - +2 ring mail "Atoewafu" {rElec rF++ Str+4}
rPois   .          Reflect  .   (helmet restricted)
rElec   +          Harm     .   (no cloak)
rCorr   .          Rampage  .   (no gloves)
Will    .....                   (no boots)
Stlth   ..........              (no amulet)
HPRegen 0.13/turn               p - ring of see invisible
MPRegen 0.08/turn               (no ring)

@: no status effects
A: horns 2, retaliatory headbutt
a: Renounce Religion, Berserk, Trog's Hand


You were on level 3 of the Dungeon.
You worshipped Trog.
Trog was pleased with you.
You visited 1 branch of the dungeon, and saw 4 of its levels.

You collected 62 gold pieces.

Inventory:

Hand Weapons
 a - a +0 falchion (weapon)
Missiles
 b - a poisoned dart (quivered)
 c - a throwing net
 y - 5 javelins
Armour
 q - the +2 ring mail "Atoewafu" (worn) {rElec rF++ Str+4}
   (You found it on level 2 of the Dungeon)

   Str:       It affects your strength (+4).
   rF:        It greatly protects you from fire.
   rElec:     It insulates you from electricity.
Jewellery
 p - a ring of see invisible (left hand)
Wands
 v - a wand of acid (8)
Scrolls
 d - 2 scrolls of identify {unknown}
 e - a scroll of enchant weapon {unknown}
 f - a scroll of torment {unknown}
 k - a scroll of fog {unknown}
 m - a scroll of noise {unknown}
 r - a scroll of acquirement {unknown}
 s - a scroll of enchant armour {unknown}
 t - a scroll of immolation {unknown}
 u - a scroll of magic mapping {unknown}
 x - a scroll of summoning {unknown}
 z - a scroll of blinking {unknown}
Potions
 g - a potion of haste {unknown}
 h - a potion of might {unknown}
 i - a potion of ambrosia {unknown}
 j - a potion of degeneration {unknown}
 l - a potion of brilliance {unknown}
 n - a potion of resistance {unknown}
 o - 2 potions of heal wounds {unknown}
 w - a potion of attraction {unknown}


   Skills:
 + Level 4.3 Fighting
 * Level 4.7 Long Blades
 + Level 3.4 Armour
 + Level 3.0 Dodging


You had 3 spell levels left.
You didn't know any spells.
Your spell library was empty.

Dungeon Overview and Level Annotations

Branches:
Dungeon (4/15)
 Temple: D:4-7

Altars:

Shops:
D:2 (


Innate Abilities, Weirdness & Mutations

You have a pair of horns on your head.
You reflexively headbutt those who attack you in melee.


Message History

Things that are here:
a +0 whip; a gnoll corpse You start resting.
HP restored.
There is a stone staircase leading down here.
You climb downwards.
The gnoll barely misses you.
There is a stone staircase leading up here.
The gnoll closely misses you. You furiously retaliate!
You headbutt the gnoll. The gnoll hits you with a +0 halberd!
You slash the gnoll!
You kill the gnoll!
Trog accepts your kill.
The gnoll hits you from afar with a +0 halberd!
The gnoll closely misses you.
You hit the gnoll.
The gnoll is moderately wounded.
The gnoll barely misses you. The gnoll completely misses you.
The gnoll hits you from afar with a +0 halberd!
The gnoll shaman calls upon its god to speed up the gnoll.
The gnoll seems to speed up.
The gnoll barely misses you.
There is a stone staircase leading up, spattered with blood here.
Throw: 2 darts (poison)
Press: ? - help, Q - select action, (/) - cycle Shift-Dir - straight line, f - gnoll
Aim: a gnoll, wielding a +0 halberd (61% to hit)
You throw a poisoned dart. The poisoned dart hits the gnoll.
The gnoll is poisoned.
The gnoll closely misses you.
The gnoll hits you from afar with a +0 halberd!
* * * LOW HITPOINT WARNING * * *
The gnoll closely misses you. The gnoll shaman misses you.
The gnoll misses you. The gnoll barely misses you.
You climb upwards.
There is a stone staircase leading down here.
You slash the gnoll shaman!
The gnoll shaman is heavily wounded.
The gnoll shaman barely misses you.
You slash the gnoll shaman!
The gnoll shaman is almost dead.
The gnoll shaman hits you with a +0 whip!
You die...

#.# #.# #.#
##..รท#####.# #.#
#.###.###..........#
#.#
#.............####.#
#.#
#.###.###.....####..
#.# #.#
#.##............ #.#
#.# #.##.###########
#.# #.###.##.#
#.########..g.....#
#...........@.....#
#########.####.##.#
#.# #.##.#
#####.####.##.######
#..................#
#.#######..##.####.#
#.# ##.)..###.# #.#
#.# #..##.#...# #.#
#.# ###.###..## #.#
#


You could see a gnoll shaman.

Vanquished Creatures
  2 gnolls
  An adder (D:2)
  A shadow imp (D:4)
  2 worms (D:3)
  6 endoplasms
  A giant cockroach (D:1)
  6 goblins
  5 hobgoblins
  3 jackals (D:1)
  2 quokkas (D:1)
  7 ball pythons
  8 bats
  4 frilled lizards
  3 kobolds
  3 rats
54 creatures vanquished.

Vanquished Creatures (others)
  6 fungi (D:3)
  3 plants (D:3)
9 creatures vanquished.

Grand Total: 63 creatures vanquished

Notes
Turn   | Place    | Note
-------+----------+-------------------------------------------
     0 | D:1      | Ayyar the Minotaur Berserker began the quest for the Orb.
     0 | D:1      | Reached XP level 1. HP: 19/19 MP: 0/0
   585 | D:1      | Reached XP level 2. HP: 19/27 MP: 1/1
  1083 | D:1      | Reached XP level 3. HP: 33/33 MP: 2/2
  1323 | D:2      | Reached ** piety under Trog
  1347 | D:2      | Found Pioppe Affeb's Weapon Shop.
  1678 | D:2      | Identified the +2 ring mail "Atoewafu" {rElec rF++ Str+4}
  2380 | D:3      | Found a faded altar of an unknown god.
  2615 | D:4      | Reached XP level 4. HP: 40/40 MP: 3/3
  2774 | D:3      | Slain by a gnoll shaman

Illustrated notes

Levels and vault maps discovered:
D:1:      saegor_arrival_simple_d, layout_basic
D:2:      layout_loops_ring, serial_shops, nicolae_shop_stone
D:3:      layout_loops_ring, dreamdust_ecumenical_altar_hidden_monk_grotto
D:4:      layout_cave_pools, minmay_goblin_kobold_house

Skill      XL: |  1  2  3  4 |
---------------+-------------+-----
Fighting       | 4 |  4.3
Long Blades    | 4 |  4.7
Armour         | 3 |  3.4
Dodging        | 3 |  3.0

Action                   |  1- 3 |  4- 6 || total
-------------------------+-------+-------++-------
Melee: Falchion          |    97 |    12 ||   109
       Headbutt          |    13 |       ||    13
       Punch             |       |     1 ||     1
Throw: Dart              |       |     1 ||     1
Invok: Berserk           |     1 |       ||     1
 Stab: Sleeping          |     1 |       ||     1
Armor: Animal skin       |     5 |       ||     5
       Scale mail        |    16 |       ||    16
       Ring mail         |     8 |     3 ||    11
Dodge: Dodged            |    48 |    17 ||    65
